Map: Triton LE

Players

ShoWTimE - Winner!

  • Race: Protoss Protoss
  • Spawn Location: 5:00

sOs

  • Race: Protoss Protoss
  • Spawn Location: 11:00

Event: IEM Katowice 2020

VOD

Have the link to the VOD?

Description

Time

  • Played on: Feb. 24, 2020, 7:11 a.m.
  • Length: 10:34

All games in this series

Show
View Real Time Build Order
Export as new Build Order

ShoWTimE Protoss - Winner!

Build Orders: Phoenix Opening, Zealot Archon 

Get SALT Encoding   

  12  0:00  Probe  
  13  0:12  Probe  
  14  0:17  Pylon  
  14  0:24  Probe (Chrono Boost)  
  15  0:36  Probe (Chrono Boost), Gateway  
  16  0:44  Probe (Chrono Boost)  
  16  0:46  Assimilator  
  17  0:51  Probe  
  17  0:54  Assimilator  
  18  1:03  Probe (Chrono Boost)  
  19  1:08  Gateway  
  19  1:13  Probe (Chrono Boost)  
  20  1:18  Probe (Chrono Boost)  
  20  1:24  Cybernetics Core  
  21  1:29  Probe  
  22  1:35  Pylon  
  22  1:41  Probe  
  23  1:53  Probe  
  24  1:59  Warp Gate (Chrono Boost)  
  24  2:00  Stalker x2  
  28  2:11  Pylon  
  28  2:13  Probe  
  29  2:23  Shield Battery  
  29  2:31  Sentry  
  29  2:33  Sentry  
  33  2:50  Nexus  
  33  2:52  Probe  
  34  3:03  Robotics Facility  
  34  3:04  Probe, Phoenix  
  34  3:15  Pylon  
  34  3:16  Probe (Chrono Boost)  
  36  3:27  Probe (Chrono Boost)  
  36  3:32  Probe (Chrono Boost)  
  37  3:39  Sentry  
  37  3:40  Stalker  
  41  3:43  Probe  
  42  3:50  Observer  
  42  3:53  Phoenix  
  44  3:56  Probe (Chrono Boost)  
  44  4:01  Twilight Council  
  44  4:04  Probe (Chrono Boost)  
  46  4:13  Probe x2 (Chrono Boost)  
  46  4:16  Immortal (Chrono Boost)  
  51  4:18  Probe (Chrono Boost)  
  51  4:19  Probe  
  51  4:22  Pylon  
  53  4:30  Probe  
  54  4:31  Probe  
  54  4:32  Stalker  
  54  4:34  Shield Battery  
  57  4:41  Phoenix  
  57  4:43  Probe x2  
  57  4:45  Forge  
  59  4:54  Warp Prism (Chrono Boost)  
  59  4:55  Probe x2  
  63  5:01  Protoss Ground Weapons Level 1 (Chrono Boost)  
  63  5:03  Assimilator  
  63  5:05  Assimilator  
  64  5:07  Probe x2  
  64  5:09  Pylon  
  65  5:19  Pylon  
  65  5:23  Probe  
  65  5:27  Immortal  
  70  5:38  Gateway  
  70  5:39  Gateway  
  70  5:46  Gateway  
  70  5:47  Charge (Chrono Boost)  
  70  5:49  Gateway  
  70  5:53  Gateway  
  70  5:56  Gateway  
  70  6:06  Phoenix, Templar Archives  
  70  6:08  Pylon  
  70  6:16  Nexus  
  70  6:23  Zealot x2  
  74  6:27  Shield Battery  
  74  6:31  Shield Battery  
  74  6:42  High Templar x3  
  74  6:43  Archon, High Templar  
  74  6:46  Pylon  
  74  6:47  Archon  
  82  6:49  Zealot x3  
  82  6:50  Archon  
  82  6:53  Zealot  
  78  7:11  Zealot x3  
  78  7:15  Zealot x3  
  90  7:17  Zealot x2  
  90  7:20  Protoss Ground Weapons Level 2 (Chrono Boost)  
  76  7:30  Probe x3  
  79  7:45  High Templar x2, Zealot x2  
  79  7:46  Zealot x2  
  79  7:48  Probe x2  
  79  7:51  Archon  
  93  8:04  Zealot x2  
  97  8:06  Zealot x2  
  101  8:15  Sentry, Zealot  
  101  8:17  Pylon  
  105  8:26  Pylon  
  105  8:27  Phoenix  
  105  8:30  High Templar x4  
  105  8:31  Zealot x2  
  117  8:35  Archon x2  
  117  8:37  Photon Cannon  
  117  8:41  Zealot x2  
  119  8:44  Pylon  
  119  8:45  Pylon  
  121  8:58  High Templar x2  
  121  9:00  Pylon  
  126  9:03  Archon  
  126  9:04  Zealot x3  
  126  9:09  Probe x3  
  134  9:14  Assimilator  
  134  9:17  Assimilator  
  134  9:19  Zealot x3  
  134  9:22  Pylon  
  140  9:24  Zealot  
  142  9:32  Probe x3  
  142  9:34  Photon Cannon  
  142  9:38  Shield Battery  
  145  9:43  Pylon, High Templar x2, Zealot  
  145  9:44  Probe  
  152  9:47  Archon  
  152  9:50  Zealot x2  
  156  9:55  Zealot x2  
  156  9:58  Zealot  
  162  10:05  Pylon  
  162  10:06  Pylon  
  162  10:09  Observer  
  162  10:10  Zealot x2  
  130  10:14  Zealot  
  110  10:23  Zealot x4  
Show
View Real Time Build Order
Export as new Build Order

sOs Protoss 

Build Orders: Zealot Archon, Archon Drop 

Get SALT Encoding   

  12  0:00  Probe  
  13  0:12  Probe  
  14  0:17  Pylon  
  14  0:24  Probe (Chrono Boost)  
  15  0:37  Probe (Chrono Boost), Gateway  
  16  0:44  Probe (Chrono Boost)  
  16  0:46  Assimilator  
  17  0:51  Probe  
  17  0:54  Assimilator  
  18  1:03  Probe (Chrono Boost)  
  19  1:06  Gateway  
  19  1:12  Probe (Chrono Boost)  
  19  1:17  Probe (Chrono Boost)  
  20  1:24  Cybernetics Core  
  21  1:29  Probe  
  22  1:34  Pylon  
  22  1:41  Probe  
  23  1:53  Probe  
  24  2:00  Stalker  
  26  2:02  Warp Gate  
  26  2:07  Sentry  
  28  2:13  Probe  
  29  2:17  Pylon  
  29  2:30  Stalker  
  29  2:35  Stalker  
  32  2:50  Nexus  
  32  2:56  Shield Battery  
  32  3:00  Probe  
  32  3:02  Sentry  
  35  3:08  Sentry  
  37  3:13  Pylon  
  37  3:15  Probe  
  38  3:27  Probe (Chrono Boost)  
  39  3:34  Twilight Council  
  39  3:39  Probe (Chrono Boost)  
  40  3:45  Probe (Chrono Boost)  
  41  3:51  Adept x2  
  41  3:54  Probe (Chrono Boost)  
  46  4:03  Probe (Chrono Boost)  
  46  4:06  Probe (Chrono Boost)  
  48  4:12  Probe (Chrono Boost)  
  48  4:13  Probe (Chrono Boost)  
  48  4:14  Robotics Facility  
  50  4:17  Probe (Chrono Boost)  
  50  4:20  Probe  
  52  4:24  Phoenix  
  52  4:27  Forge  
  52  4:29  Probe  
  53  4:32  Probe  
  54  4:40  Charge  
  54  4:41  Probe  
  54  4:42  Assimilator  
  54  4:43  Assimilator  
  54  4:45  Probe  
  56  4:46  Pylon  
  56  4:52  Warp Prism  
  56  4:53  Probe  
  56  4:55  Phoenix  
  56  4:56  Protoss Ground Weapons Level 1 (Chrono Boost)  
  57  5:05  Probe (Chrono Boost)  
  61  5:07  Probe (Chrono Boost)  
  61  5:09  Templar Archives  
  62  5:16  Probe x2 (Chrono Boost)  
  62  5:19  Gateway  
  63  5:24  Gateway  
  63  5:34  Gateway  
  63  5:37  Gateway  
  63  5:40  Gateway  
  63  5:42  Gateway  
  63  5:48  High Templar  
  63  5:49  High Templar  
  67  5:51  Pylon  
  67  6:00  Archon  
  67  6:06  Pylon  
  67  6:16  High Templar  
  67  6:18  Observer  
  70  6:19  High Templar  
  70  6:21  Zealot x2  
  70  6:25  Archon  
  76  6:28  Nexus  
  76  6:29  Pylon, Zealot  
  78  6:35  High Templar x2  
  78  6:36  Zealot  
  78  6:39  Archon  
  84  6:52  Zealot x3  
  84  6:53  Zealot x2  
  88  7:01  Zealot  
  76  7:09  Zealot x2  
  76  7:13  Zealot x5  
  88  7:22  Zealot  
  72  7:23  Probe x2  
  58  7:31  High Templar x2  
  58  7:34  High Templar x2  
  58  7:35  Probe, Zealot x2  
  70  7:37  Archon  
  70  7:38  Archon  
  70  7:39  Protoss Ground Weapons Level 2 (Chrono Boost)  
  70  7:44  Zealot x2  
  74  7:55  Observer  
  74  7:56  Zealot x2  
  79  8:01  Probe x3  
  82  8:09  Zealot x4  
  90  8:18  High Templar x2, Zealot x2  
  98  8:23  Archon  
  97  8:30  Zealot x2  
  97  8:33  Pylon  
  101  8:36  Pylon  
  101  8:53  High Templar x2  
  101  8:54  Zealot x2  
  109  8:56  Zealot x3  
  109  8:57  Archon, Zealot  
  109  9:00  Pylon  
  109  9:02  Pylon  
  117  9:11  Pylon  
  117  9:18  Probe x3  
  117  9:20  High Templar  
  117  9:21  High Templar, Zealot  
  117  9:22  Zealot x3  
  132  9:26  Archon  
  132  9:29  Pylon  
  132  9:30  Zealot x2  
  136  9:38  Pylon  
  136  9:49  High Templar x2  
  136  9:50  Zealot x2  
  136  9:51  Zealot x2  
  148  9:55  Archon  
  148  9:56  Zealot x2  
  152  10:12  Zealot x3  
  109  10:15  Zealot  
  109  10:20  Zealot x2  
  86  10:21  Zealot x2  

Tags
 
Add a new tag
Caveats
  • Supply blocks, unpowered buildings, or Contaminate may cause inaccurate times.
  • Supply counts are checked every 10 seconds.